 Dungeon Crawl Stone Soup version 0.29.1-2-gbd0b4ee654 (webtiles) character file.

Game seed: 730926818423453654

2688 cdecastro the Zephyrmancer (level 9, 0/55 HPs)
             Began as a Tengu Air Elementalist on Nov 16, 2022.
             Was a Priest of Hepliaklqana.
             Slain by a killer bee (4 damage)
             ... on level 9 of the Dungeon.
             The game lasted 00:18:27 (8385 turns).

cdecastro the Zephyrmancer (Tengu Air Elementalist) Turns: 8385, Time: 00:18:28

Health: 0/55       AC:  6    Str: 10    XL:     9   Next: 64%
Magic:  13/13      EV: 14    Int: 26    God:    Hepliaklqana [***...]
Gold:   383        SH:  0    Dex: 14    Spells: 2/12 levels left

rFire   + + .      SeeInvis +   b - +5 hand axe "Plog" {flame, rF+ SInv}
rCold   . . .      Faith    .   (no shield)
rNeg    . . .      Spirit   .   f - +0 steam dragon scales
rPois   .          Reflect  .   (helmet restricted)
rElec   .          Harm     .   (no cloak)
rCorr   +          Rampage  .   D - +0 pair of gloves
Will    .....                   (boots unavailable)
Stlth   ++........              d - amulet of magic regeneration
HPRegen 0.18/turn               y - ring of resist corrosion
MPRegen 0.53/turn               z - ring "Ostro" {rF+ Int+7}

@: lethally poisoned (0 -> -17), flying quickly and evasively, quick
A: reduced essence, beak, talons 3, nimble flight
a: Renounce Religion, Recall Ancestor, Ancestor Identity, Transference


You were on level 9 of the Dungeon.
You worshipped Hepliaklqana.
Hepliaklqana was most pleased with you.
You visited 2 branches of the dungeon, and saw 11 of its levels.

You collected 487 gold pieces.
You spent 104 gold pieces at shops.

Inventory:

Hand Weapons
 a - the +1 sling of Xodug {flame, Int+3}
   (You found it on level 4 of the Dungeon)

   Any ammunition fired from it burns those it strikes, dealing additional fire
   damage.
   Int:       It affects your intelligence (+3).
 b - the +5 hand axe "Plog" (weapon) {flame, rF+ SInv}
   (You found it on level 7 of the Dungeon)

   It burns those it strikes, dealing additional fire damage.
   Big, fiery blades are also staple armaments of hydra-hunters.
   rF:        It protects you from fire.
   SInv:      It lets you see invisible.
Missiles
 e - 69 stones
 B - 6 curare-tipped darts
 J - 17 poisoned darts
Armour
 f - +0 steam dragon scales (worn)
 u - a +0 robe
 D - a +0 pair of gloves (worn)
 H - a +0 robe of resistance
Magical Staves
 l - a staff of conjuration
Jewellery
 d - an amulet of magic regeneration (around neck)
 s - a ring of fire
 y - a ring of resist corrosion (left hand)
 z - the ring "Ostro" (right hand) {rF+ Int+7}
   (You found it on level 10 of the Dungeon)

   [ring of protection from fire]

   Int:       It affects your intelligence (+7).
   rF:        It protects you from fire.
 K - a ring of ice
Wands
 F - a wand of iceblast (3)
Scrolls
 c - 5 scrolls of amnesia {unknown}
 g - 4 scrolls of teleportation {unknown}
 h - 6 scrolls of identify
 i - 4 scrolls of enchant weapon {unknown}
 n - 2 scrolls of poison
 o - 3 scrolls of vulnerability {unknown}
 t - a scroll of acquirement {unknown}
 A - a scroll of brand weapon {unknown}
 C - a scroll of fear {unknown}
 E - a scroll of enchant armour {unknown}
Potions
 j - a potion of ambrosia
 k - a potion of brilliance
 m - a potion of lignification
 p - 6 potions of degeneration {unknown}
 q - a potion of cancellation {unknown}
 r - 2 potions of attraction {unknown}
 v - a potion of flight {unknown}
 w - 2 potions of berserk rage {unknown}
 x - 3 potions of curing {unknown}
 I - 4 potions of magic
 L - a potion of heal wounds {unknown}
Miscellaneous
 G - a piece from Xom's chessboard (15/15)


   Skills:
 + Level 9.8 Fighting
 - Level 2.1 Dodging
 - Level 2.0 Stealth
 - Level 2.0 Spellcasting
 - Level 1.3 Conjurations
 - Level 11.4 Air Magic


You had 2 spell levels left.
You knew the following spells:

 Your Spells              Type           Power      Damage    Failure   Level
a - Shock                 Conj/Air       100%       1d9       1%          1
b - Static Discharge      Conj/Air       36%        3-8/arc   1%          2
c - Swiftness             Air            58%        N/A       1%          3
d - Airstrike             Air            29%        2d(5-21)  1%          4

Your spell library contained the following spells:

 Spells                   Type           Power      Damage    Failure   Level
 Beastly Appendage        Tmut           4%         N/A       11%         1
 Necrotise                Necr           8%         1d4       11%         1
 Sublimation of Blood     Necr           2%         N/A       16%         2
 Wereblood                Tmut           2%         N/A       16%         2
 Inner Flame              Hex/Fire       2%         N/A       30%         3
 Spider Form              Tmut/Pois      2%         N/A       30%         3
 Vampiric Draining        Necr           2%         2d6       30%         3
 Cause Fear               Hex            1%         N/A       71%         4
 Petrify                  Tmut/Erth      2%         N/A       71%         4
 Irradiate                Conj/Tmut      3%         3d12      91%         5
 Agony                    Necr           2%         N/A       96%         5
 Discord                  Hex            1%         N/A       100%        8


Dungeon Overview and Level Annotations

Branches:
Dungeon (10/15)            Temple (1/1) D:7
   Lair: D:8-11         Orc: D:9-12

Altars:
Ashenzari
Cheibriados
Dithmenos
Elyvilon
Fedhas
Gozag
Hepliaklqana
Kikubaaqudgha
Makhleb
Nemelex Xobeh
Okawaru
Ru
Sif Muna
Trog
Uskayaw
Vehumet
Wu Jian
Xom
Yredelemnul
Zin

Shops:
D:2 [::*   D:6 [

Annotations:
D:4 Edmund
D:5 vampire
D:9 2 runed translucent doors


Innate Abilities, Weirdness & Mutations

Your life essence is reduced to manifest your ancestor. (-10% HP)
You have a beak for a mouth.
You have claws for feet.
Your magical nature lets you fly swiftly and evasively.


Message History

Ankhesenamen hits the killer bee with a +0 quarterstaff!
The killer bee dies!
The killer bee stings you!
The killer bee stings you but does no damage.
Unknown command.
You closely miss the killer bee. Your kick misses the killer bee.
You closely miss the killer bee.
You feel very sick. The killer bee closely misses you.
The killer bee misses you.
Ankhesenamen hits the killer bee with a +0 quarterstaff!
The killer bee dies!
The killer bee barely misses you. The killer bee stings you!
* * * LOW HITPOINT WARNING * * *
You are more poisoned.
The killer bee poisons you!
You barely miss the killer bee. Your kick misses the killer bee.
* * * LOW HITPOINT WARNING * * *
You feel very sick. The killer bee stings you.
* * * LOW HITPOINT WARNING * * *
The killer bee barely misses you.
Ankhesenamen hits the killer bee with a +0 quarterstaff.
You slash the killer bee! You burn the killer bee.
Your kick misses the killer bee.
The killer bee is almost dead.
* * * LOW HITPOINT WARNING * * *
You feel very sick. The killer bee completely misses you.
The killer bee misses you.
Ankhesenamen misses the killer bee.
The killer bee barely misses you.
You closely miss the killer bee. You claw the killer bee.
The killer bee is almost dead.
* * * LOW HITPOINT WARNING * * *
You feel very sick. The killer bee stings you.
* * * LOW HITPOINT WARNING * * *
You are more poisoned.
The killer bee poisons you!
Ankhesenamen closely misses the killer bee.
The killer bee stings you.
You die...

## #. #. #. ##.
#.. #.##..####
#....y@..#
.......R.......
#####..##.##...
#.. .# . #.. #
#.. #.. ...


You could see the friendly Ankhesenamen the battlemage and a killer bee (ally
target).

Vanquished Creatures
  A gargoyle (D:7)
  A steam dragon (D:7)
  An ogre (D:6)
  A centaur (D:8)
  A kobold brigand (D:8)
  2 necrophages
  2 scorpions (D:5)
  2 wights (D:7)
  A killer bee (D:9)
  2 howler monkeys (D:10)
  A hound (D:6)
  A jelly (D:7)
  2 iguanas
  3 orc wizards
  2 gnolls
  10 adders
  4 orcs
  7 endoplasms
  A giant cockroach (D:3)
  3 goblins
  5 hobgoblins
  4 jackals (D:1)
  A quokka (D:2)
  6 ball pythons
  6 bats (D:1)
  3 frilled lizards
  7 kobolds
  2 rats
82 creatures vanquished.

Vanquished Creatures (collateral kills)
  3 steam dragons
  Menkaure (D:7)
  2 sky beasts
  A centaur (D:8)
  A gnoll sergeant (D:8)
  A necrophage (D:6)
  A bullfrog (D:8)
  A wight (D:7)
  2 killer bees (D:9)
  2 howler monkeys (D:9)
  A jelly (D:7)
  A gnoll (D:8)
  An adder (D:6)
  A white imp (D:6)
  2 orcs (D:8)
  3 kobolds (D:8)
  A ball python (D:4)
25 creatures vanquished.

Vanquished Creatures (others)
  3 battlemagi
3 creatures vanquished.

Grand Total: 110 creatures vanquished

Notes
Turn   | Place    | Note
-------+----------+-------------------------------------------
     0 | D:1      | cdecastro the Tengu Air Elementalist began the quest for
                  | the Orb.
     0 | D:1      | Reached XP level 1. HP: 10/10 MP: 4/4
   329 | D:1      | Reached XP level 2. HP: 7/15 MP: 6/6
   517 | D:1      | Reached skill level 5 in Air Magic
   994 | D:1      | Reached XP level 3. HP: 18/19 MP: 5/7
  1051 | D:1      | Learned a level 2 spell: Static Discharge
  1055 | D:1      | Learned a level 3 spell: Swiftness
  1188 | D:2      | Found Miawu's Book Emporium.
  1243 | D:2      | Found Abeuhoje's Book Shop.
  1246 | D:2      | Found Porarr's Armour Emporium.
  1352 | D:2      | Found Esion Ber's Antique Weapon Emporium.
  1482 | D:2      | Found Duyme Ijaig's General Store.
  1491 | D:2      | Bought a scroll of poison for 52 gold pieces
  1491 | D:2      | Bought a scroll of identify for 26 gold pieces
  1491 | D:2      | Bought a scroll of identify for 26 gold pieces
  1660 | D:2      | Found a burning altar of Makhleb.
  1939 | D:3      | Found a sacrificial altar of Ru.
  1951 | D:3      | Found a hazy altar of Hepliaklqana.
  1951 | D:3      | Found a sparkling altar of Nemelex Xobeh.
  1958 | D:3      | Found a shimmering altar of Xom.
  1966 | D:3      | Found an opulent altar of Gozag.
  2039 | D:3      | Reached skill level 6 in Air Magic
  2464 | D:3      | Became a worshipper of Hepliaklqana the Forgotten
  2505 | D:4      | Noticed a necrophage
  2514 | D:4      | Killed a necrophage
  2515 | D:4      | Reached skill level 7 in Air Magic
  2515 | D:4      | Reached XP level 4. HP: 17/24 MP: 1/8
  2515 | D:4      | Gained mutation: Your magical nature lets you fly swiftly
                  | and evasively. [Tengu growth]
  2515 | D:4      | Reached XP level 5. HP: 20/28 MP: 1/9
  2835 | D:4      | Noticed Edmund
  2949 | D:4      | Identified the +1 sling of Xodug {flame, Int+3}
  2966 | D:4      | Reached * piety under Hepliaklqana
  2977 | D:4      | Reached skill level 8 in Air Magic
  3047 | D:4      | Noticed an ogre
  3646 | D:5      | Entered Level 5 of the Dungeon
  3797 | D:5      | Reached XP level 6. HP: 23/28 MP: 3/10
  3814 | D:5      | Reached skill level 9 in Air Magic
  3998 | D:5      | Noticed a vampire
  4350 | D:6      | Reached skill level 10 in Air Magic
  4350 | D:6      | Reached XP level 7. HP: 12/32 MP: 5/11
  4578 | D:6      | Found Mytausy's Armour Boutique.
  4655 | D:6      | Reached ** piety under Hepliaklqana
  4657 | D:6      | Remembered your ancestor Ankhesenamen as a battlemage
  4768 | D:6      | Reached skill level 11 in Air Magic
  5259 | D:6      | Learned a level 4 spell: Airstrike
  5289 | D:7      | Reached skill level 1 in Fighting
  5458 | D:7      | Noticed a steam dragon
  5462 | D:7      | Reached XP level 8. HP: 32/40 MP: 8/12
  5721 | D:7      | Found a staircase to the Ecumenical Temple.
  5731 | Temple   | Entered the Ecumenical Temple
  5954 | D:7      | You are sucked into a shaft and drop 3 floors!
  5954 | D:10     | Entered Level 10 of the Dungeon
  5955 | D:10     | Identified the ring "Ostro" {rF+ Int+7}
  5970 | D:10     | Reached skill level 5 in Fighting
  6376 | D:9      | Found a large runed translucent door.
  6376 | D:9      | Found a large runed translucent door.
  6413 | D:7      | Noticed a gargoyle
  6422 | D:7      | Killed a gargoyle
  6423 | D:7      | Reached XP level 9. HP: 25/53 MP: 11/13
  6700 | D:7      | Noticed Menkaure
  6704 | D:7      | Killed Menkaure
  6893 | D:7      | Identified the +5 hand axe "Plog" {flame, rF+ SInv}
  6902 | D:7      | Reached *** piety under Hepliaklqana
  7931 | D:8      | Found a hide-covered altar of Uskayaw.
  8001 | D:8      | Found an ancient bone altar of Kikubaaqudgha.
  8385 | D:9      | Slain by a killer bee

Illustrated notes

Levels and vault maps discovered:
D:1:      saegor_arrival_simple_a, layout_rooms, nrook_mini_backslash
D:2:      layout_rooms, basic_altar, serial_shops, nicolae_shop_statue_plus,
          shop, shop, shop, shop, grunt_decor_arrowhead
D:3:      layout_rooms, minmay_overflow_temple_star_hex
D:4:      layout_cave_pools, uniq_edmund
D:5:      cheibrodos_thug_alley, layout_layer_cave,
          gammafunk_temple_overflow_wave, hangedman_abyss_or_decor_passed
D:6:      cheibrodos_helix_gallery, layout_basic, serial_shops,
          nicolae_shop_competitors_out_of_business
D:7:      layout_basic, minmay_temple_entry_overgrown, minivault_19,
          hellmonk_bongcloud_opening, uniq_menkaure
D:8:      layout_loops_ring, mainiacjoe_overflow_surrounded_room,
          amcnicky_altar_gilded
D:9:      layout_loops_ring, ebering_ghost_disaster_area, minmay_misc_feat_iff
D:10:     layout_basic
Temple:   nicolae_temple_figure_eight

Skill      XL: |  1  2  3  4  5  6  7  8  9 |
---------------+----------------------------+-----
Air Magic      | 5 7 8 10 11 | 11.4
Fighting       | 2 7 9 |  9.8
Dodging        | |  2.1
Stealth        | |  2.0
Spellcasting   | |  2.0
Conjurations   | |  1.3

Action                   |  1- 3 |  4- 6 |  7- 9 || total
-------------------------+-------+-------+-------++-------
Melee: Unarmed           |     8 |       |       ||     8
       Short sword       |     7 |       |       ||     7
       Kick              |     5 |       |     1 ||     6
       Peck              |     2 |       |     1 ||     3
       Hand axe          |       |       |     8 ||     8
       Sling             |       |       |     1 ||     1
 Fire: Sling             |       |    21 |    80 ||   101
 Cast: Shock             |    68 |    21 |    11 ||   100
       Static Discharge  |     7 |    24 |    32 ||    63
Invok: Recall Ancestor   |       |     1 |     3 ||     4
       Ancestor Life: Ba |       |       |     1 ||     1
  Use: Scroll            |     3 |       |       ||     3
 Stab: Distracted        |     1 |       |       ||     1
Armor: Robe              |     6 |     2 |     1 ||     9
       Steam dragon scal |       |       |     7 ||     7
Dodge: Dodged            |    27 |    14 |    43 ||    84
